 Dungeon Crawl Stone Soup version 0.28-a0-769-g550dbda0cd (webtiles) character file.

Game seed: 10956180107763654202

1363 horus123 the Chopper (level 8, 0/62 HPs)
             Began as a Demonspawn Berserker on Oct 31, 2021.
             Was an Elder of Trog.
             Slain by Pikel (1 damage)
             ... on level 5 of the Dungeon on Nov 1, 2021.
             The game lasted 00:13:52 (6617 turns).

horus123 the Chopper (Demonspawn Berserker)         Turns: 6617, Time: 00:13:53

Health: 0/62       AC:  7    Str: 20    XL:     8   Next: 38%
Magic:  0/8        EV: 11    Int:  9    God:    Trog [****..]
Gold:   106        SH:  0    Dex: 12    Spells: 7/7 levels left

rFire   . . .      SeeInvis .   o - +0 flail (venom)
rCold   . . .      Faith    .   (no shield)
rNeg    . . .      Spirit   +   d - +0 scale mail
rPois   .          Reflect  .   (no helmet)
rElec   .          Harm     .   (no cloak)
rCorr   .          Rampage  .   (no gloves)
Will    .....                   (no boots)
Stlth   +.........              (no amulet)
HPRegen 0.20/turn               (no ring)
MPRegen 0.22/turn               (no ring)

@: on berserk cooldown, slowed, very slow
A: magic shield, magic regeneration, sturdy frame 1, demonic touch 2
a: Renounce Religion, Berserk, Trog's Hand, Brothers in Arms


You were on level 5 of the Dungeon.
You worshipped Trog.
Trog was greatly pleased with you.
You visited 1 branch of the dungeon, and saw 5 of its levels.

You collected 106 gold pieces.

Inventory:

Hand Weapons
 a - a +0 hand axe
 o - a +0 flail of venom (weapon)
Armour
 b - a +0 animal skin
 c - a +0 ring mail
 d - a +0 scale mail (worn)
Wands
 e - a wand of acid (7)
Scrolls
 f - a scroll of fear
 h - a scroll of torment
 l - a scroll of vulnerability
 n - a scroll of magic mapping
Potions
 i - a potion of attraction {unknown}
 j - a potion of cancellation {unknown}
 k - a potion of haste {unknown}
 m - 3 potions of magic


   Skills:
 + Level 5.1 Fighting
 * Level 5.9(6.2) Axes
 + Level 2.3(4.4) Maces & Flails
 + Level 5.2 Armour
 + Level 3.6 Dodging
 + Level 1.2 Stealth


You had 7 spell levels left.
You didn't know any spells.
Your spell library was empty.

Dungeon Overview and Level Annotations

Branches:
Dungeon (5/15)
 Temple: D:4-7

Altars:
Elyvilon
Kikubaaqudgha
Sif Muna
Vehumet

Portals:
Abyss: D:3

Annotations:
D:3 2 transporters, damiac's ghost, amateur NaEn
D:5 Pikel


Innate Abilities, Weirdness & Mutations

When hurt, damage is shared between your health and your magic reserves.
You regenerate magic rapidly.
Your movements are slightly less encumbered by armour. (ER -2)
Your touch may inflict irresistible damage on your foes.


Message History

Trog accepts your kill. The lemure misses you.
Pikel hits you with a +1 whip of freezing.
* * * LOW HITPOINT WARNING * * *
Pikel freezes you.
* * * LOW HITPOINT WARNING * * *
The lemure barely misses you. The lemure hits you.
* * * LOW HITPOINT WARNING * * *
The lemure hits you but does no damage.
You thump Pikel!
You touch Pikel.
Pikel is moderately wounded.
The lemure hits you but does no damage. The lemure hits you.
* * * LOW HITPOINT WARNING * * *
You closely miss Pikel.
Pikel is moderately wounded.
The lemure hits you.
* * * LOW HITPOINT WARNING * * *
Pikel hits you with a +1 whip of freezing.
* * * LOW HITPOINT WARNING * * *
Pikel freezes you.
* * * LOW HITPOINT WARNING * * *
You closely miss Pikel.
You touch Pikel.
Pikel is heavily wounded.
The lemure hits you.
* * * LOW HITPOINT WARNING * * *
The lemure hits you but does no damage.
You sock Pikel!
Pikel looks as sick as possible!
Your touch misses Pikel.
Pikel is severely wounded.
Pikel drinks a potion.
Pikel is healed!
Pikel looks more healthy.
The lemure hits you but does no damage. The lemure barely misses you.
You sock Pikel!
Pikel is almost dead.
You are no longer berserk.
You are exhausted.
You feel yourself slow down. The lemure hits you.
* * * LOW HITPOINT WARNING * * *
Pikel hits you with a +1 whip of freezing.
Pikel freezes you.
You die...

#...#..## #....##
##.##..## ##..##
#.##...# ####
##..##..####
#..........#
#..........##
##...........#
#............##
#.5@5.........# #
#.K55.........# ##
#..†........... ##.
#..............###..
#..................#
#..............###.#
#............<. #.#
#.............. #.#
..>............ #.#


You could see Pikel and 4 lemures.

Vanquished Creatures
  Eustachio (D:5)
  Menkaure (D:5)
  A sky beast (D:5)
  An ogre (D:5)
  A centaur (D:5)
  2 phantoms
  3 vampire bats (D:3)
  A bullfrog zombie (D:5)
  2 hounds
  2 orc priests
  3 iguanas
  Natasha (thrice) (D:3)
  5 orc wizards
  Robin (D:3)
  9 adders
  An ufetubus (D:5)
  A worm (D:2)
  12 orcs
  A bat (D:2)
  4 bat skeletons (D:3)
  2 bat zombies (D:3)
  8 endoplasms
  3 giant cockroaches
  15 goblins
  7 hobgoblins
  3 quokkas
  4 ball pythons
  3 frilled lizards
  7 kobolds
107 creatures vanquished.

Notes
Turn   | Place    | Note
-------+----------+-------------------------------------------
     0 | D:1      | horus123 the Demonspawn Berserker began the quest for the
                  | Orb.
     0 | D:1      | Reached XP level 1. HP: 18/18 MP: 1/1
   960 | D:1      | Gained mutation: Your movements are slightly less
                  | encumbered by armour. (ER -2) [demonic ancestry]
   960 | D:1      | Reached XP level 2. HP: 14/24 MP: 2/2
  1469 | D:1      | Found a faded altar of an unknown god.
  1626 | D:2      | Gained mutation: You regenerate magic rapidly. [demonic
                  | ancestry]
  1626 | D:2      | Reached XP level 3. HP: 24/29 MP: 3/3
  1871 | D:2      | Reached ** piety under Trog
  1881 | D:2      | Gained mutation: Your touch may inflict minor irresistible
                  | damage on your foes. [demonic ancestry]
  1881 | D:2      | Reached XP level 4. HP: 12/36 MP: 4/4
  2354 | D:2      | Gained mutation: When hurt, damage is shared between your
                  | health and your magic reserves. [demonic ancestry]
  2354 | D:2      | Reached XP level 5. HP: 35/42 MP: 5/5
  2750 | D:2      | Found a radiant altar of Vehumet.
  3059 | D:3      | Noticed Natasha
  3063 | D:3      | Killed Natasha
  3118 | D:3      | Noticed Natasha
  3124 | D:3      | Killed Natasha
  3125 | D:3      | Reached XP level 6. HP: 43/49 MP: 4/6
  3175 | D:3      | Reached *** piety under Trog
  3214 | D:3      | Found a transporter.
  3523 | D:3      | Found a one-way gate to the infinite horrors of the Abyss.
  3523 | D:3      | Noticed damiac's ghost (amateur NaEn)
  3603 | D:3      | Noticed Natasha
  3608 | D:3      | Killed Natasha
  3609 | D:3      | Reached skill level 5 in Axes
  3719 | D:3      | Found an ancient bone altar of Kikubaaqudgha.
  3847 | D:3      | Found a transporter.
  4214 | D:3      | Noticed Robin
  4224 | D:3      | Killed Robin
  4225 | D:3      | Reached XP level 7. HP: 43/55 MP: 5/7
  4967 | D:4      | Reached skill level 1 in Stealth
  5757 | D:5      | Entered Level 5 of the Dungeon
  5823 | D:5      | Found a shimmering blue altar of Sif Muna.
  6059 | D:5      | Noticed Menkaure
  6063 | D:5      | Reached skill level 1 in Maces & Flails
  6069 | D:5      | Killed Menkaure
  6069 | D:5      | Reached **** piety under Trog
  6070 | D:5      | Gained mutation: Your touch may inflict irresistible damage
                  | on your foes. [demonic ancestry]
  6070 | D:5      | Reached XP level 8. HP: 31/61 MP: 4/8
  6483 | D:5      | Noticed Eustachio
  6498 | D:5      | Killed Eustachio
  6499 | D:5      | Reached skill level 5 in Fighting
  6499 | D:5      | Reached skill level 5 in Armour
  6602 | D:5      | Noticed Pikel
  6615 | D:5      | HP: 4/93 [lemure[Pikel] (2)]
  6617 | D:5      | HP: 1/62 [lemure[Pikel] (2)]
  6617 | D:5      | Slain by Pikel

Illustrated notes

Levels and vault maps discovered:
D:1:      dpeg_arrival_solitude, layout_basic,
          shapermc_ecumenical_altar_mp_vishouse
D:2:      layout_rooms, basic_altar
D:3:      layout_basic, kennysheep_vampire_church, elyvilon_altar_1,
          gammafunk_ghost_abyssal_escape, uniq_natasha, uniq_robin
D:4:      layout_basic
D:5:      layout_cave_pods, lemuel_tele_altar, uniq_menkaure, uniq_eustachio,
          uniq_pikel

Skill      XL: |  1  2  3  4  5  6  7  8 |
---------------+-------------------------+-----
Axes           | 3 4 5 |  5.9
Armour         | 2 3 4 5 |  5.2
Dodging        | 2 3 |  3.6
Fighting       | 4 5 |  5.1
Stealth        | 1 |  1.2
Maces & Flails | 1 2 |  2.3

Action                   |  1- 3 |  4- 6 |  7- 9 || total
-------------------------+-------+-------+-------++-------
Melee: Hand axe          |    60 |   140 |    83 ||   283
       Touch             |       |    19 |    27 ||    46
       Flail             |       |       |    63 ||    63
Invok: Berserk           |     4 |     6 |     4 ||    14
       Trog's Hand       |       |       |     1 ||     1
  Use: Scroll            |       |     4 |     5 ||     9
       Potion            |       |     1 |       ||     1
Armor: Animal skin       |    10 |     1 |       ||    11
       Skin              |       |    15 |       ||    15
       Ring mail         |       |    14 |       ||    14
       Scale mail        |       |    59 |    71 ||   130
Dodge: Dodged            |    22 |    94 |    90 ||   206

Table legend: (Time is in decaauts)
 A = Elapsed time spent in this place.
 B = Non-inter-level travel time spent in this place.
 C = Inter-level travel time spent in this place.
 D = Time resting spent in this place.
 E = Time spent auto-exploring this place.
 F = Levels seen in this place.
 G = Mean time per level.
                   A        B        C        D        E       F      G
               +--------+--------+--------+--------+--------+-----+--------+
         Total |   6782 |   6709 |     73 |   1811 |   3952 |   5 | 1356.4 |
       Dungeon |   6782 |   6709 |     73 |   1811 |   3952 |   5 | 1356.4 |
               +--------+--------+--------+--------+--------+-----+--------+

Top non-repeatable levels by time:
     D:3: 1735 daAuts
     D:1: 1639 daAuts
     D:2: 1420 daAuts
     D:4: 1104 daAuts
     D:5: 883 daAuts
